 Dungeon Crawl Stone Soup version 0.31-a0-237-g2d982f9f85 (webtiles) character file.

Game seed: 17677383460401246144

16 qw the Shooter (level 2, 0/16 HPs)
             Began as a Gargoyle Hexslinger on July 10, 2023.
             Slain by an adder (1 damage)
             ... on level 2 of the Dungeon.
             The game lasted 00:00:14 (1046 turns).

qw the Shooter (Gargoyle Hexslinger)                Turns: 1046, Time: 00:00:15

Health: 0/16       AC:  5    Str: 11    XL:     2   Next: 58%
Magic:  3/3        EV: 11    Int: 13    God:
Gold:   71         SH:  5    Dex: 12    Spells: 2/3 levels left

rFire   . . .        Y - +1 sling
rCold   . . .        (no shield)
rNeg    + . .        g - +0 leather armour
rPois   inf          (no helmet)
rElec   +            (no cloak)
rCorr   .            (no gloves)
SInv    .            (no boots)
Will    .....        e - amulet of reflection
Stlth   +            (no ring)
HPRegen 0.22/turn    (no ring)
MPRegen 0.08/turn

%: reflection
@: no status effects
A: sickness immunity, AC +2, negative energy resistance 1, electricity
resistance, torment resistance 1, petrification resistance
a: no special abilities


You were on level 2 of the Dungeon.
You visited 1 branch of the dungeon, and saw 2 of its levels.

You collected 71 gold pieces.


Innate Abilities, Weirdness & Mutations

You are immune to sickness and miasma.
Your stone body is resilient. (AC +2)
You are immune to poison.
You resist negative energy. (rN+)
You are resistant to electric shocks. (rElec)
You are resistant to unholy torment.
You are immune to petrification.


   Skills:
 + Level 1.4 Fighting
 - Level 3.0 Ranged Weapons
 - Level 1.5 Dodging
 - Level 1.0 Spellcasting
 - Level 2.6 Hexes


You had 2 spell levels left.
You knew the following spells:

 Your Spells              Type           Power      Damage    Failure   Level
a - Slow                  Hex            28%        N/A       12%         1

Your spell library contained the following spells:

 Spells                   Type           Power      Damage    Failure   Level
 Inner Flame              Hex/Fire       4%         N/A       54%         3
 Portal Projectile        Hex/Tloc       8%         N/A       54%         3
 Cause Fear               Hex            3%         N/A       77%         4

Inventory:

Hand Weapons
 Y - a +1 sling (weapon)
Armour
 g - a +0 leather armour (worn)
Jewellery
 e - an amulet of reflection (around neck)
Scrolls
 a - a scroll of fear {unknown}
 b - a scroll of vulnerability {unknown}
Potions
 h - a potion of brilliance {unknown}

Dungeon Overview and Level Annotations

Branches:
Dungeon (2/15)

Altars:


Message History

The worm is heavily wounded.
The adder barely misses you. The hobgoblin closely misses you.
The adder bites you but does no damage.
You shoot a sling bullet. The sling bullet misses the adder.
The sling bullet hits the worm.
The worm is severely wounded.
The adder barely misses you. You block the hobgoblin's attack.
You shoot a sling bullet. The sling bullet misses the adder.
The sling bullet hits the worm.
The worm is severely wounded.
The adder closely misses you. The hobgoblin closely misses you.
You block the adder's attack. The hobgoblin barely misses you.
You shoot a sling bullet.
The sling bullet barely misses the adder.
The sling bullet hits the worm.
The worm is severely wounded.
The adder bites you but does no damage. You block the hobgoblin's attack.
The adder bites you.
You shoot a sling bullet. The sling bullet hits the adder.
The adder is lightly wounded.
The adder barely misses you. The hobgoblin misses you.
The adder bites you but does no damage.
You shoot a sling bullet.
The sling bullet hits the adder but does no damage.
The adder is lightly wounded.
The hobgoblin hits you. The endoplasm barely misses you.
The adder bites you but does no damage. The endoplasm freezes you.
You are frozen.
The hobgoblin misses you.
You shoot a sling bullet.
The sling bullet barely misses the adder.
The sling bullet barely misses the worm.
You block the adder's attack. The hobgoblin closely misses you.
You block the endoplasm's attack. The adder bites you.
You shoot a sling bullet. The sling bullet hits the adder.
The adder is heavily wounded.
The adder closely misses you. The hobgoblin closely misses you.
The endoplasm freezes you.
You are frozen.
The adder bites you.
You die...

.....######.#####.##
....................
........###.#####.###
........'...#
........#####
........#
........########
......J.'......#
......g@######.#
..###+#S# .. .w.
....# .....+ ......#
>......# ........#


You could see a worm, an adder, an endoplasm and a hobgoblin.

Vanquished Creatures
  2 ball pythons (D:1)
  2 endoplasms (D:1)
  2 giant cockroaches
  2 hobgoblins (D:1)
  A quokka (D:1)
  A bat (D:1)
  2 frilled lizards (D:1)
  3 kobolds (D:1)
15 creatures vanquished.

Notes
Turn   | Place    | Note
-------+----------+-------------------------------------------
     0 | D:1      | qw the Gargoyle Hexslinger began the quest for the Orb.
     0 | D:1      | Reached XP level 1. HP: 12/12 MP: 2/2
     0 | D:1      | 0 ||| qw: Version: 0.3-a-52-g30416fa
     0 | D:1      | 0 ||| qw: Game counter: 5056
     0 | D:1      | 0 ||| qw: Melee chars always use a shield: true
     0 | D:1      | 0 ||| qw: God list: Okawaru
     0 | D:1      | 0 ||| qw: Allow faded altars: false
     0 | D:1      | 0 ||| qw: Do Orc after clearing Dungeon:15 true
     0 | D:1      | 0 ||| qw: Do second Lair branch before Depths: true
     0 | D:1      | 0 ||| qw: Lair rune preference: random
     0 | D:1      | 0 ||| qw: Goals: Normal
     0 | D:1      | 0 ||| PLANNING D:1-11
   236 | D:1      | Reached XP level 2. HP: 15/16 MP: 3/3
   676 | D:1      | Reached skill level 3 in Ranged Weapons
   919 | D:1      | 919 ||| UPGRADING to +0 leather armour.
   929 | D:1      | 929 ||| DROPPING +0 robe.
   930 | D:1      | 930 ||| UPGRADING to amulet of reflection.
   935 | D:1      | 935 ||| READING scroll labelled UXACKEVENA.
   936 | D:1      | 936 ||| READING scroll labelled AMADIU ACKY.
   937 | D:1      | 937 ||| DROPPING scroll of poison.
  1045 | D:2      | HP: 4/16 [adder (3)]
  1046 | D:2      | HP: 1/16 [frozen (3)]
  1046 | D:2      | Slain by an adder

Levels and vault maps discovered:
D:1:      elethiomel_arrival_quiet, layout_loops_ring,
          dreamdust_mushroom_princess
D:2:      layout_basic, shapermc_ecumenical_altar_petra, nicolae_half_adder

Skill      XL: |  1  2 |
---------------+-------+-----
Ranged Weapons | 3 |  3.0
Fighting       | |  1.4
Dodging        | |  1.5
Spellcasting   | |  1.0
Hexes          | |  2.6

Action                     || total
---------------------------++-------
   Fire: Sling             ||    57
    Use: Scroll            ||     2
 Armour: Robe              ||     7
         Leather armour    ||     8
  Dodge: Dodged            ||    41
  Block: Other             ||     8

Table legend:
 A = Non-vault XP
 B = Vault XP
 C = Vault XP percentage of total XP
 D = Non-vault monster count
 E = Vault monster count
 F = Vault count percentage of total count
                 A         B        C        D         E       F
            +---------+---------+-------+---------+---------+-------
      Total |      24 |       0 |   0.0 |      15 |       0 |   0.0
            +---------+---------+-------+---------+---------+-------
        D:1 |      22 |       0 |   0.0 |      14 |       0 |   0.0
        D:2 |       2 |       0 |   0.0 |       1 |       0 |   0.0
            +---------+---------+-------+---------+---------+-------
